 Dungeon Crawl Stone Soup version 0.14-a0-1007-gacdcbbe (webtiles) character file.

105 MackTheKnife the Insei (level 2, -1/22 HPs)
             Began as a Demonspawn Monk on Nov 22, 2013.
             Slain by a worm (8 damage)
             ... on Level 2 of the Dungeon.
             The game lasted 00:01:41 (1131 turns).

MackTheKnife the Insei (Demonspawn Monk)            Turns: 1131, Time: 00:01:41

HP  -1/22        AC  2     Str 11      XL: 2   Next: 96%
MP   1/1         EV 13     Int 11      God:
Gold 77          SH  0     Dex 19      Spells:  0 memorised,  1 level left

Res.Fire  : . . .   See Invis. : .     - Unarmed
Res.Cold  : . . .   Warding    : .   a - +0 robe
Life Prot.: . . .   Conserve   : .   (no shield)
Res.Poison: .       Res.Corr.  : .   (no helmet)
Res.Elec. : .       Clarity    : .   (no cloak)
Sust.Abil.: . .     Spirit.Shd : .   (no gloves)
Res.Mut.  : .       Stasis     : .   (no boots)
Res.Rott. : .       Flight     : .   (no amulet)
Saprovore : . . .                    (no ring)
                                     g - +4 ring of dexterity

@: not resistant to hostile enchantments, fairly stealthy
A: conserve scrolls
a: no special abilities


You were on level 2 of the Dungeon.
You were not hungry.

You visited 1 branch of the dungeon, and saw 2 of its levels.

You collected 77 gold pieces.


Innate Abilities, Weirdness & Mutations

You are very good at protecting items from fire.


   Skills:
 - Level 3.0 Fighting
 - Level 2.6 Dodging
 - Level 1.7 Stealth
 + Level 4.5 Unarmed Combat


You had one spell level left.
You didn't know any spells.

Inventory:

Armour
 a - a +0 robe (worn)
Magical devices
 p - a wand of teleportation (4)
Comestibles
 b - 2 bread rations
 o - a meat ration
Scrolls
 c - 3 scrolls of identify {unknown}
 d - a scroll of blinking {unknown}
 e - a scroll of enchant armour {unknown}
 j - 4 scrolls of curse armour {unknown}
 l - a scroll of random uselessness {unknown}
 m - 3 scrolls of remove curse {unknown}
 n - a scroll of teleportation {unknown}
Jewellery
 g - a +4 ring of dexterity (left hand)
Potions
 f - a potion of agility {unknown}
 h - a potion of curing {unknown}
 i - 2 potions of confusion {unknown}
 k - a potion of heal wounds {unknown}

·▒ ▒·▒ ▒·▒ ·▒ ▒▒·▒▒▒▒▒·▒
▒▒▒·▒ ▒········▒
▒···▒▒▒·▒·▒▒▒··▒▒▒▒▒▒·
▒·▒▒·········▒·········▒
·▒▒▒·▒·▒·▒·▒·▒·····)····
·····▒·▒·▒····)·········
····▒▒·▒·▒▒▒·▒▒w··(·····▒
·····%···▒ ▒·▒▒·@·······▒
▒▒···▒▒▒·▒ ▒·▒▒··········
▒▒·▒▒ ▒w▒▒▒·▒▒·········▒
▒·▒ ▒······<·········▒
▒▒▒·▒ ▒·[···▒▒·········
▒·▒·▒▒▒▒·▒▒▒▒▒▒·········
·····>········<······▒▒▒
▒···▒▒▒▒··▒▒▒▒▒▒▒·▒▒·▒
▒···▒ ▒·· ·▒ ·▒


You could see a worm.


Message History

The worm bites you!
* * * LOW HITPOINT WARNING * * *
You barely miss the worm.
The worm is severely wounded.
There is a stone staircase leading up here.
Evoke which item? (* to show all) (? for menu, Esc to quit)
Okay, then.
Read which item? (? for menu, Esc to quit)
Okay, then.
You see here a dagger.
q - a dagger Quiver which item? (- for none, * to show all) (? for menu, Esc to quit)
Quivering
q - a dagger for throwing.
Awkwardly throwing (i - inventory):
q - a dagger (quivered)
Aim: a worm (severely wounded)
You awkwardly throw a dagger.
The dagger hits the worm.
The worm is severely wounded.
The worm barely misses you.
You barely miss the worm.
The worm is severely wounded.
You hit the worm.
The worm is severely wounded.
The worm bites you.
* * * LOW HITPOINT WARNING * * *
You hit the worm.
The worm is almost dead.
You barely miss the worm.
The worm is almost dead.
The worm bites you!
You die...

Action                   || total
-------------------------++-------
Melee: Unarmed           ||    83
Evoke: Wand              ||     1
 Stab: Sleeping          ||     6

Vault maps used:
D:1:      dpeg_entry_arbitrary_c

Notes
Turn   | Place    | Note
--------------------------------------------------------------
     0 | D:1      | MackTheKnife, the Demonspawn Monk, began the quest for the Orb.
     0 | D:1      | Reached XP level 1. HP: 16/16 MP: 0/0
   213 | D:1      | Reached skill level 4 in Unarmed Combat
   259 | D:1      | Gained mutation: You are very good at protecting items from fire. [demonic ancestry]
   259 | D:1      | Reached XP level 2. HP: 16/22 MP: 1/1
  1131 | D:2      | Slain by a worm

Vanquished Creatures
  A giant gecko (D:1)
  An ooze (D:2)
  5 bats
  A goblin (D:1)
  4 hobgoblins (D:1)
  2 kobolds (D:1)
  A ball python (D:1)
  3 giant newts (D:1)
  9 rats
27 creatures vanquished.
